 Dungeon Crawl Stone Soup version 0.22.0 (webtiles) character file.

167 Deemzul the Skirmisher (level 5, -5/42 HPs)
             Began as a Demonspawn Fighter on Aug 12, 2018.
             Slain by Eustachio
             ... wielding a +2 rapier of venom
              (7 damage)
             ... on level 4 of the Dungeon.
             The game lasted 00:02:25 (2118 turns).

Deemzul the Skirmisher (Demonspawn Fighter)         Turns: 2118, Time: 00:02:25

Health: -5/42      AC:  5    Str: 17    XL:     5   Next: 23%
Magic:  5/5        EV:  8    Int:  9    God:
Gold:   125        SH:  9    Dex: 13    Spells: 4/4 levels left

rFire    + . .     SeeInvis .   a - +0 war axe
rCold    + . .     Gourm    .   c - +0 shield
rNeg     . . .     Faith    .   e - +0 ring mail (curse)
rPois    +         Spirit   .   (helmet restricted)
rElec    +         Reflect  .   (no cloak)
rCorr    +         Harm     .   (no gloves)
MR       .....                  (no boots)
Stlth    +.........             (no amulet)
HPRegen  0.14/turn              (no ring)
MPRegen  0.09/turn              (no ring)

@: lethally poisoned (-5 -> -27), resistant, starving
A: horns 2
a: no special abilities


You were on level 4 of the Dungeon.
You were starving.

You visited 1 branch of the dungeon, and saw 5 of its levels.

You collected 125 gold pieces.

Inventory:

Hand Weapons
 a - a +0 war axe (weapon)
Armour
 b - a +0 scale mail
 c - a +0 shield (worn)
 e - a cursed +0 ring mail (worn)
Scrolls
 g - a scroll of teleportation {unknown}
 h - 7 scrolls of identify {unknown}
 j - a scroll of random uselessness {unknown}
 l - 2 scrolls of remove curse {unknown}
 m - a scroll of amnesia {unknown}
 n - a scroll of blinking {unknown}
 o - a scroll of fear {unknown}
Potions
 d - 2 potions of might
 i - a potion of flight
 k - a potion of brilliance
Comestibles
 f - 6 rations


   Skills:
 + Level 3.7 Fighting
 * Level 3.4 Axes
 + Level 3.4 Armour
 + Level 3.3 Shields


You had 4 spell levels left.
You didn't know any spells.
Your spell library was empty.

Dungeon Overview and Level Annotations

Branches:
Dungeon (5/15)
 Temple: D:4-7

Altars:
Ashenzari
Dithmenos

Annotations:
D:3 Grinder
D:4 Eustachio


Innate Abilities, Weirdness & Mutations

You have a pair of horns on your head.


Message History

You block the quasit's attack. x3
It was a potion of resistance.
You feel protected.
* * * LOW HITPOINT WARNING * * *
You feel very sick. Eustachio hits you but does no damage.
You block the quasit's attack.
The quasit claws you but does no damage. x2
Unknown command.
Okay, then.
Okay, then.
You closely miss Eustachio. You headbutt Eustachio.
Eustachio is heavily wounded.
You completely miss the quasit.
* * * LOW HITPOINT WARNING * * *
You feel sick. You block the quasit's attack.
The quasit claws you but does no damage.
The quasit claws you.
* * * LOW HITPOINT WARNING * * *
Eustachio hits you with a rapier of venom!
You die...

.. #.# ..# #.# ..#
#####.# ...# #
#######...#.# ...# ##.#
#.(..##...#.#....#
.#.###.........#.#r...#
....(.....#....5.@w5>.#
.#.#.....###....@#....#
.# #.##..###..##.# ...
.#.#.###..#..###.# #
.#....##.....##...
.#.................
....##.........##..#
...####..._...## #..
.#..##.........# ..
.#...............


You could see Eustachio, a worm, an iron imp, a quasit and a rat.

Vanquished Creatures
  A worker ant (D:4)
  2 gnolls (D:4)
  2 adders (D:2)
  A worm (D:4)
  2 dart slugs
  2 leopard geckos
  4 orcs
  A ball python (D:3)
  4 giant cockroaches
  11 goblins
  13 hobgoblins
  14 jackals
  7 kobolds
  A quokka (D:3)
  8 bats
  4 frilled lizards
  5 rats
82 creatures vanquished.

Notes
Turn   | Place    | Note
-------+----------+-------------------------------------------
     0 | D:1      | Deemzul the Demonspawn Fighter began the quest for the Orb.
     0 | D:1      | Reached XP level 1. HP: 18/18 MP: 1/1
    47 | D:1      | Gained mutation: You have a pair of small horns on your head. [demonic ancestry]
    47 | D:1      | Reached XP level 2. HP: 24/24 MP: 2/2
   218 | D:1      | Gained mutation: You have a pair of horns on your head. [demonic ancestry]
   218 | D:1      | Reached XP level 3. HP: 25/29 MP: 3/3
   800 | D:2      | Reached XP level 4. HP: 27/35 MP: 4/4
   919 | D:2      | Found a shattered altar of Ashenzari.
  1311 | D:3      | Noticed Grinder
  1315 | D:3      | Paralysed by Grinder for 4 turns
  1349 | D:4      | Noticed Eustachio
  1619 | D:4      | Reached XP level 5. HP: 5/42 MP: 5/5
  1628 | D:5      | Entered Level 5 of the Dungeon
  2085 | D:4      | Found a shadowy altar of Dithmenos.
  2118 | D:4      | HP: 2/42 [quasit[Eustachio] (2)]
  2118 | D:4      | Slain by Eustachio

Skill      XL: |  1  2  3  4 |
---------------+-------------+-----
Axes           | 2 3 |  3.4
Shields        | 3 |  3.3
Armour         | 3 |  3.4
Fighting       | |  3.7

Action                   |  1- 3 |  4- 6 || total
-------------------------+-------+-------++-------
Melee: War axe           |   100 |   104 ||   204
       Headbutt          |    11 |    10 ||    21
  Use: Potion            |       |     5 ||     5
  Eat: Chunk             |       |     2 ||     2
Armor: Scale mail        |    14 |       ||    14
       Ring mail         |    48 |    42 ||    90
Dodge: Dodged            |    24 |    49 ||    73
Block: Shield            |    51 |    53 ||   104
